 Dungeon Crawl Stone Soup version 0.18-a0-1773-gec4f98e (webtiles) character file.

80 epen the Slasher (level 4, -1/39 HPs)
             Began as a Naga Gladiator on Apr 14, 2016.
             Slain by a gnoll
             ... wielding a +0 halberd
              (11 damage)
             ... on level 2 of the Dungeon.
             The game lasted 00:04:06 (2526 turns).

epen the Slasher (Naga Gladiator)                   Turns: 2526, Time: 00:04:07

Health: -1/39      AC:  4    Str: 18    XL:     4   Next: 39%
Magic:  0/4        EV: 10    Int:  9    God:
Gold:   98         SH:  0    Dex: 11    Spells: 0 memorised, 3 levels left

rFire  . . .     SeeInvis +     v - +0 long sword
rCold  . . .     Gourm    .     b - +0 leather armour
rNeg   . . .     Faith    .     (no shield)
rPois  +         Spirit   +     c - +0 helmet
rElec  .         Dismiss  .     o - +0 cloak
rCorr  .         Reflect  .     (no gloves)
SustAt .         Harm     .     (no barding)
MR     .....                    m - amulet of guardian spirit
Stlth  ++........               (no ring)
                                (no ring)

@: short of breath, very slow, not resistant to hostile enchantments, unstealthy
A: see invisible, deformed body, poison resistance, slowness 2, slow metabolism
1, spit poison 2, AC +1
a: Spit Poison


You were on level 2 of the Dungeon.
You were very hungry.

You visited 1 branch of the dungeon, and saw 3 of its levels.

You collected 98 gold pieces.

Inventory:

Hand Weapons
 v - a +0 long sword (weapon)
Missiles
 d - 3 throwing nets (quivered)
Armour
 b - a +0 leather armour (worn)
 c - a +0 helmet (worn)
 e - a +0 chain mail
 o - a +0 cloak (worn)
Jewellery
 m - an amulet of guardian spirit (around neck)
 t - an uncursed amulet of magic regeneration
Wands
 s - a wand of confusion (10/48)
Scrolls
 g - 2 scrolls of teleportation {unknown}
 j - 2 scrolls of magic mapping {unknown}
 n - 3 scrolls of amnesia {unknown}
 u - a scroll of fear {unknown}
Potions
 i - a potion of haste {unknown}
 k - a potion of ambrosia {unknown}
 l - 5 potions of flight {unknown}
 p - 2 potions of agility {unknown}
 q - 2 potions of mutation {unknown}
 r - a potion of magic {unknown}
Comestibles
 f - 3 bread rations
 h - 9 fruits


   Skills:
 - Level 2.0 Fighting
 * Level 4.3 Long Blades
 - Level 1.7 Throwing
 * Level 2.9 Dodging
 + Level 2.2 Stealth


You had 3 spell levels left.
You didn't know any spells.

Dungeon Overview and Level Annotations

Branches:
Dungeon (3/15)

Altars:
Makhleb
Nemelex Xobeh


Innate Abilities, Weirdness & Mutations

You cannot wear boots.
Your serpentine skin is tough (AC +1).
You have supernaturally acute eyesight.
Armour fits poorly on your strangely shaped body.
Your system is resistant to poisons.
You cover ground very slowly.
You have a slow metabolism.
You can spit poison.


Message History

The gnoll is almost dead.
You are feeling very hungry.
The gnoll shouts!
The gnoll throws a throwing net.
The throwing net hits you.
You become entangled in the net!
The gnoll closely misses you.
You slice into the net. The gnoll barely misses you.
You slice the net and break free! The gnoll closely misses you.
The gnoll barely misses you.
You can't do that yet.
You have got your breath back.
The gnoll hits you from afar with a halberd.
* * * LOW HITPOINT WARNING * * *
Press: ? - help, Shift-Dir - straight line, f - gnoll, p - gnoll
Aim: a gnoll, wielding a whip The splash of poison misses the gnoll.
The splash of poison hits the gnoll.
The gnoll is poisoned.
The gnoll is moderately wounded.
You feel slightly more hungry.
The gnoll hits you from afar with a halberd!
You die...

########### #.................#
..........# #.................#
#########.# #...........####### #
#.###...........######### #
#.#.....>.......'........ #
#.#......###....######### #
#######.#....gg# #....# #. #
#...._.........# ###### #####. #
#.............@# #..... #
#..............# #..... #
#.........####.# #..... #
#..............######## #..... #
#.........##..........####..... #
#...............#.....#.##.....
#####...#####.....#.....#.##.....
.................(#.#.#.#.##.....
#####.....####....#.....#.##.....


You could see 2 gnolls.

Vanquished Creatures
  A gnoll (D:3)
  2 adders (D:2)
  2 oozes (D:2)
  A worm (D:2)
  An orc (D:3)
  7 bats
  8 goblins
  4 hobgoblins
  2 jackals (D:1)
  4 kobolds
  8 rats
40 creatures vanquished.

Notes
Turn   | Place    | Note
--------------------------------------------------------------
     0 | D:1      | epen the Naga Gladiator began the quest for the Orb.
     0 | D:1      | Reached XP level 1. HP: 19/19 MP: 1/1
   437 | D:1      | Reached skill level 1 in Stealth
   713 | D:1      | Reached XP level 2. HP: 22/26 MP: 2/2
  1465 | D:2      | Reached XP level 3. HP: 32/32 MP: 3/3
  1843 | D:2      | Found a burning altar of Makhleb.
  1878 | D:2      | Reached skill level 4 in Long Blades
  2041 | D:2      | Found a sparkling altar of Nemelex Xobeh.
  2099 | D:2      | Reached XP level 4. HP: 39/39 MP: 4/4
  2526 | D:2      | Slain by a gnoll

Vault maps used:
D:1:      roderic_lyre
D:2:      marbit_many_paths, nemelex_deck, first_bread, dk_noncrumbling_3,
          columned_hall_lemuel
D:3:      grunt_ministairs_8, serial_bayou_ford_a, grunt_qazlal_clouds

Skill      XL: |  1  2  3 |
---------------+----------+-----
Stealth        | 1 2 |  2.2
Long Blades    | 4 |  4.3
Fighting       | |  2.0
Throwing       | |  1.7
Dodging        | |  2.9

Action                   |  1- 3 |  4- 6 || total
-------------------------+-------+-------++-------
Melee: Long sword        |    92 |    34 ||   126
 Abil: Spit Poison       |       |     3 ||     3
 Stab: Sleeping          |     5 |     1 ||     6
  Eat: Chunk             |     3 |       ||     3
Armor: Leather armour    |    53 |    12 ||    65
Dodge: Dodged            |    75 |    47 ||   122
